 Dungeon Crawl Stone Soup version 0.28.0-1-gb440e238dd (webtiles) character file.

Game seed: 3825969589778354659

700 egresovca the Conjurer (level 7, -8/46 HPs)
             Began as a Demonspawn Conjurer on Feb 25, 2022.
             Was an Initiate of Vehumet.
             Mangled by a +4 dire flail of freezing (17 damage)
             ... created by the rancor of the Wu Jian Council
             ... on level 5 of the Dungeon.
             The game lasted 00:07:29 (5482 turns).

egresovca the Conjurer (Demonspawn Conjurer)        Turns: 5482, Time: 00:07:30

Health: -8/46      AC: -1    Str:  8    XL:     7   Next: 38%
Magic:  12/12      EV: 12    Int: 21    God:    Vehumet [......]
Gold:   284        SH:  0    Dex: 11    Spells: 4/13 levels left

rFire   . . .      SeeInvis +   p - +2 quarterstaff (chaos)
rCold   + . .      Faith    .   (shield currently unavailable)
rNeg    . . .      Spirit   .   w - +1 robe {Will+}
rPois   .          Reflect  .   (no helmet)
rElec   .          Harm     .   q - +0 cloak
rCorr   .          Rampage  .   (no gloves)
Will    .....                   (no boots)
Stlth   ++........              (no amulet)
HPRegen 0.15/turn               b - ring of see invisible
MPRegen 0.13/turn               g - ring of protection from cold

@: weak-willed, corroded
A: yellow scales 2, demonic guardian 1
a: Renounce Religion


You were on level 5 of the Dungeon.
You worshipped Vehumet.
Vehumet was noncommittal.
You visited 2 branches of the dungeon, and saw 6 of its levels.

You collected 284 gold pieces.

Inventory:

Hand Weapons
 j - a +0 whip
 p - a +2 quarterstaff of chaos (weapon)
Missiles
 c - 6 curare-tipped darts
Armour
 a - a +0 robe
 q - a +0 cloak (worn)
 w - a +1 robe of willpower (worn)
Jewellery
 b - a ring of see invisible (left hand)
 g - a ring of protection from cold (right hand)
 A - an amulet of regeneration
Wands
 o - a wand of digging (7)
 y - a wand of paralysis (7)
Scrolls
 d - 7 scrolls of identify
 f - a scroll of noise
 l - a scroll of fog
 u - a scroll of immolation
 v - a scroll of enchant weapon {unknown}
 B - a scroll of teleportation {unknown}
Potions
 i - 2 potions of ambrosia {unknown}
 m - a potion of magic {unknown}
 n - 3 potions of curing {unknown}
 s - a potion of degeneration {unknown}
 t - a potion of brilliance {unknown}
 x - a potion of heal wounds {unknown}
 z - a potion of attraction {unknown}


   Skills:
 - Level 1.9 Dodging
 - Level 2.0 Stealth
 - Level 3.8 Spellcasting
 - Level 5.4 Conjurations
 + Level 3.7 Air Magic
 + Level 4.1 Poison Magic


You had 4 spell levels left.
You knew the following spells:

 Your Spells              Type           Power      Damage    Failure   Level
a - Magic Dart            Conj           100%       1d8       1%          1
b - Searing Ray           Conj           52%        2d6       1%          2
c - Mephitic Cloud        Conj/Pois/Air  22%        N/A       6%          3
n - Ignite Poison         Fire/Tmut/Pois 9%         N/A       22%         3

Your spell library contained the following spells:

 Spells                   Type           Power      Damage    Failure   Level
 Dazzling Flash           Conj/Hex       30%        N/A       12%         3
 Call Canine Familiar     Summ           3%         N/A       36%         3
 Frozen Ramparts          Ice            6%         1d2       36%         3
 Portal Projectile        Hex/Tloc       6%         N/A       36%         3
 Fulminant Prism          Conj/Hex       7%         3d7       38%         4
 Iskenderun's Mystic Bla  Conj/Tloc      15%        2d5       38%         4
 Ice Form                 Ice/Tmut       3%         N/A       77%         4
 Leda's Liquefaction      Hex/Erth       1%         N/A       77%         4
 Summon Ice Beast         Ice/Summ       3%         N/A       77%         4
 Freezing Cloud           Conj/Ice/Air   8%         6-21      67%         5


Dungeon Overview and Level Annotations

Branches:
Dungeon (5/15)             Temple (1/1) D:5

Altars:
Cheibriados
Elyvilon
Fedhas
Kikubaaqudgha
Makhleb
Okawaru
Ru
Sif Muna
Vehumet
Wu Jian
Yredelemnul
Zin
The Shining One

Annotations:
D:5 3 runed translucent doors, yahweh's ghost, novice MiBe


Innate Abilities, Weirdness & Mutations

You are mostly covered in yellow scales. (AC +3)
A weak demonic guardian rushes to your aid.


Message History

As you read the scroll labelled GIEGUJ IQAEXZE, it crumbles to dust.
Magic quickly surges around you.
It was a scroll of vulnerability.
You see here 23 arrows.
As you read the scroll labelled PUQAG EHAPPOLA, it crumbles to dust.
The scroll dissolves into smoke.
It was a scroll of fog.
The +3 quarterstaff of flaming hits you!
The +3 quarterstaff of flaming burns you.
Unknown command.
As you read the scroll labelled KEPIAT CUS LET, it crumbles to dust.
You assume a fearsome visage.
The +3 quarterstaff of flaming is unaffected.
It was a scroll of fear.
Unknown command.
Yahweh's ghost turns its malevolent gaze towards you.
As you read the scroll labelled ZIBAOX XACUU, it crumbles to dust.
You feel aware of your surroundings.
It was a scroll of magic mapping.
The +3 quarterstaff of flaming closely misses you.
Unknown command.
As you read the scroll labelled NESCHO MEAVVARPHIGUFF, it crumbles to dust.
It is a scroll of amnesia.
Really abort (and waste the scroll)?
Okay, then.
The +3 quarterstaff of flaming hits you!
The +3 quarterstaff of flaming burns you.
Unknown command.
Unknown command.
As you read the scroll labelled LIYVILUALL, it crumbles to dust.
You hear a loud clanging noise!
It was a scroll of noise.
Unknown command.
As you read the scroll labelled JULLYD WITI, it crumbles to dust.
It is a scroll of identify.
u - a scroll of immolation The +3 quarterstaff of flaming hits you!
* * * LOW HITPOINT WARNING * * *
A demonic guardian appears!
The +3 quarterstaff of flaming burns you.
* * * LOW HITPOINT WARNING * * *
The +4 dire flail of freezing hits you!
You die...

...####.......##
...# ####(((## .###
###§# .# #####§##
## #..§§§§### #
#..§§§.(§## ####
**#####§§§§§# ...#
*,.?..#§.§((##
...##*,...W#...5@.#
....#*..(..+......#
....##♣....+......#
###
.....#...(.+......#
##.#
.....#.(...#......#
###..##
.....#,(..(#.....##
#.....#
.....#######......#
##.....## .......#
#....#.###.......#
.......#
######..##.......##


You could see 3 dancing weapons, yahweh's ghost and a friendly ufetubus
(summoned).

Vanquished Creatures
  Grinder (D:5)
  A water moccasin (D:5)
  A phantom (D:4)
  A water moccasin skeleton (D:5)
  Crazy Yiuf (D:2)
  An orc priest (D:5)
  An iguana (D:4)
  A hound zombie (D:4)
  A mummy (D:4)
  5 adders
  3 gnolls (D:5)
  An ufetubus (D:4)
  A worm (D:3)
  2 dart slugs
  3 orcs
  10 ball pythons
  7 bats
  6 endoplasms
  A giant cockroach (D:1)
  7 goblins
  6 hobgoblins
  2 jackals (D:1)
  3 quokkas
  2 frilled lizards (D:1)
  3 kobolds
  2 rats
73 creatures vanquished.

Vanquished Creatures (others)
  A plant (D:4)
1 creature vanquished.

Grand Total: 74 creatures vanquished

Notes
Turn   | Place    | Note
-------+----------+-------------------------------------------
     0 | D:1      | egresovca the Demonspawn Conjurer began the quest for the
                  | Orb.
     0 | D:1      | Reached XP level 1. HP: 13/13 MP: 3/3
   420 | D:1      | Gained mutation: You are partially covered in yellow
                  | scales. (AC +2) [demonic ancestry]
   420 | D:1      | Reached XP level 2. HP: 19/19 MP: 3/5
   477 | D:1      | Learned a level 2 spell: Searing Ray
  1323 | D:2      | Reached XP level 3. HP: 24/24 MP: 2/6
  1460 | D:2      | Found a faded altar of an unknown god.
  1465 | D:2      | Prayed at the altar of an unknown god.
  1465 | D:2      | Became a worshipper of the Wu Jian Council
  1465 | D:2      | Reached * piety under Wu Jian
  1688 | D:2      | Found a runed translucent door.
  1689 | D:2      | Noticed Crazy Yiuf
  1786 | D:2      | Found a blossoming altar of Fedhas.
  1951 | D:2      | Reached XP level 4. HP: 25/30 MP: 2/8
  2153 | D:2      | Killed Crazy Yiuf
  2442 | D:3      | Reached skill level 5 in Conjurations
  2555 | D:3      | Learned a level 3 spell: Mephitic Cloud
  2556 | D:3      | You fall into a shaft and drop 1 floor!
  2638 | D:3      | Found a basalt altar of Yredelemnul.
  3019 | D:4      | Reached XP level 5. HP: 30/35 MP: 10/10
  3174 | D:4      | Reached ** piety under Wu Jian
  3562 | D:4      | Learned a level 3 spell: Ignite Poison
  3802 | D:4      | Found a snail-covered altar of Cheibriados.
  4048 | D:4      | Noticed a phantom
  4068 | D:4      | Killed a phantom
  4069 | D:4      | Reached skill level 1 in Air Magic
  4069 | D:4      | Reached skill level 1 in Poison Magic
  4069 | D:4      | Gained mutation: A weak demonic guardian rushes to your
                  | aid. [demonic ancestry]
  4069 | D:4      | Reached XP level 6. HP: 15/41 MP: 6/11
  4273 | D:4      | Found an iron altar of Okawaru.
  4332 | D:5      | Entered Level 5 of the Dungeon
  4631 | D:5      | Found a staircase to the Ecumenical Temple.
  4631 | D:5      | Paralysed by a gnoll for 4 turns
  4646 | Temple   | Entered the Ecumenical Temple
  4794 | Temple   | Fell from the grace of Wu Jian
  4794 | Temple   | Became a worshipper of Vehumet
  4938 | D:5      | Noticed a water moccasin
  4964 | D:5      | Killed a water moccasin
  5128 | D:5      | Found a runed translucent gate.
  5129 | D:5      | Found a runed translucent gate.
  5130 | D:5      | Found a runed translucent gate.
  5132 | D:5      | Noticed yahweh's ghost (novice MiBe)
  5148 | D:5      | Noticed Grinder
  5157 | D:5      | Killed Grinder
  5158 | D:5      | Gained mutation: You are mostly covered in yellow scales.
                  | (AC +3) [demonic ancestry]
  5158 | D:5      | Reached XP level 7. HP: 46/46 MP: 12/12
  5467 | D:5      | Noticed a +3 quarterstaff of flaming
  5467 | D:5      | Noticed a +4 dire flail of freezing
  5467 | D:5      | Noticed a +0 vorpal dire flail
  5482 | D:5      | Mangled by a +4 dire flail of freezing

Illustrated notes

Levels and vault maps discovered:
D:1:      mushboom_english_gardens, layout_loops_ring, minmay_octomino_c4
D:2:      layout_rooms, chequers_ecumenical_altar_simple, basic_altar,
          uniq_crazy_yiuf_cottage
D:3:      layout_rooms, mainiacjoe_overflow_brackets
D:4:      layout_loops_corners, lemuel_coloured_pillars_altar, slow_altar_2,
          serial_bayou_pond_d
D:5:      layout_cave_pods, minmay_temple_entry_offerings,
          ebering_ghost_rock_garden, uniq_grinder
Temple:   kb_temple_of_zot

Skill      XL: |  1  2  3  4  5  6 |
---------------+-------------------+-----
Stealth        | 2 |  2.0
Spellcasting   | 3 |  3.8
Conjurations   | 5 |  5.4
Air Magic      | 1 3 |  3.7
Poison Magic   | 1 4 |  4.1
Dodging        | |  1.9

Action                   |  1- 3 |  4- 6 |  7- 9 || total
-------------------------+-------+-------+-------++-------
Melee: Unarmed           |    33 |       |       ||    33
       Punch             |     1 |       |       ||     1
       Whip              |     3 |       |       ||     3
       Quarterstaff      |       |    77 |       ||    77
 Cast: Magic Dart        |    21 |       |       ||    21
       Searing Ray       |    24 |    17 |       ||    41
       Mephitic Cloud    |       |     1 |       ||     1
Invok: Lunge             |     1 |     7 |       ||     8
       Whirlwind         |       |     1 |       ||     1
 Abil: Wall Jump         |       |     1 |       ||     1
Evoke: Wand              |       |     1 |       ||     1
  Use: Scroll            |       |       |     7 ||     7
 Stab: Sleeping          |       |     2 |       ||     2
       Paralysed         |       |     7 |       ||     7
Armor: Robe              |    20 |    21 |       ||    41
Dodge: Dodged            |    64 |    48 |     1 ||   113
